Cogmind - Beta 14 @@@ ROGUE MODE // 2025.03.03 @ 11:58:14 Player: D-3M0G Result: Self-destructed Performance ------------- Evolutions (1) 500 Regions Visited (2) 400 Robots Destroyed (17) 85 Value Destroyed (314) 314 Prototype IDs (0) 0 Alien Tech Used (0) 0 Bonus (0) 0 TOTAL SCORE: 1299 Bonus ------- None Cogmind --------- Core Integrity 400/400 Matter 165/300 Energy 250/250 System Corruption 0% Temperature Cool (0) Movement Walking (190) Ox1 Location -9/Materials Parts ------- > --- POWER (1) -------- Ion Engine > --- PROPULSION (2) --- Aluminum Leg Aluminum Leg > --- UTILITY (4) ------ Large Storage Unit Improved Targeting Computer > --- WEAPON (2) ------- Autogun Autogun > --- INVENTORY (15) --- Light Treads Light Treads Small Storage Unit Sensor Array Signal Interpreter Hacking Suite Autogun Peak State ------------ > --- POWER ------------ Light Ion Engine > --- PROPULSION ------- Aluminum Leg Aluminum Leg > --- UTILITY ---------- Small Storage Unit Improved Targeting Computer > --- WEAPON ----------- Autogun Autogun > --- INVENTORY -------- Light Ion Engine Light Treads Light Treads Wheel Compact Wheel Large Storage Unit Autogun Autogun [Rating: 11] Favorites ----------- Power Ion Engine Engine Ion Engine Propulsion Aluminum Leg Leg Aluminum Leg Utility Improved Targeting Computer Storage Large Storage Unit Processor Improved Targeting Computer Weapon Autogun Energy Gun EM Pulse Gun Ballistic Gun Autogun Build | -11 -10 -9 ------- Run | Yrd Mat Mat Slots Evolved 2 | . . 2 Power . | . . . Propulsion . | . . . Utility 2 | . . 2 Weapon . | . . . Parts Attached 15 | 1 14 . Power 3 | . 3 . Engine 3 | . 3 . Core . | . . . Reactor . | . . . Propulsion 3 | . 3 . Treads . | . . . Leg 3 | . 3 . Wheel . | . . . Hover . | . . . Flight . | . . . Utility 2 | . 2 . Device . | . . . Storage 1 | . 1 . Processor 1 | . 1 . Hackware . | . . . Protection . | . . . Artifact . | . . . Weapon 7 | 1 6 . Energy Gun 1 | 1 . . Energy Cannon . | . . . Ballistic Gun 6 | . 6 . Ballistic Cannon . | . . . Launcher . | . . . Special Weapon . | . . . Impact Weapon . | . . . Slashing Weapon . | . . . Piercing Weapon . | . . . Special Melee Weapon . | . . . Unidentified Prototypes . | . . . Parts Lost . | . . . Power . | . . . Propulsion . | . . . Utility . | . . . Weapon . | . . . Highest Loss Streak . | . . . To Critical Strikes . | . . . Average Slot Usage (%) 97 | . 97 . Engine 13 | . 13 . Leg 27 | . 27 . Storage 14 | . 14 . Processor 13 | . 13 . Ballistic Gun 26 | . 26 . Peak Build Rating 11 | 6 11 . Average Rating 10 | 6 10 . On Entrance 7 | 6 6 11 Naked Turns . | . . . Heaviest Build 31 | 11 31 . Greatest Support 20 | 20 20 . Greatest Overweight (x) 3 | . 3 . Average Overweight (x) . | . . . Largest Inventory Capacity 15 | 8 15 . Average Capacity 11 | 8 11 . Most Carried 9 | 6 9 . Average Carried 7 | 6 7 . Final Capacity 15 | 8 15 15 Final Carried 7 | 6 7 7 Class Distribution -------------------- 100% | Mutant Dominant Class ---------------- Mutant | -10/Materials Mutant | -9/Materials Resources | -11 -10 -9 ----------- Run | Yrd Mat Mat Matter Collected 451 | 213 238 . Remotely . | . . . Salvage Created 448 | 78 370 . Parts 39 | 1 38 . Haulers Intercepted . | . . . Recyclers Shooed . | . . . Parts Field Recycled . | . . . Retrieved Matter . | . . . Parts Self-Destructed . | . . . Prevented . | . . . Kills | -11 -10 -9 ------- Run | Yrd Mat Mat Combat Hostiles Destroyed 12 | . 12 . Guns 12 | . 12 . Classes Destroyed 7 | 1 6 . Builder 1 | . 1 . Tunneler 1 | . 1 . Recycler 1 | 1 . . Operator 1 | . 1 . Watcher 1 | . 1 . Swarmer 6 | . 6 . Grunt 6 | . 6 . Best Kill Streak 3 | 1 3 . Combat Bots Only 3 | . 3 . Max Kills in Single Turn 1 | 1 1 . Gunslinging . | . . . Exploded . | . . . Melee . | . . . Uniques/NPCs Destroyed . | . . . Combat | -11 -10 -9 -------- Run | Yrd Mat Mat Hostile Shots Fired 35 | . 35 . Missed 6 | . 6 . Damage Taken 251 | . 251 . Core 24 | . 24 . Absorbed by Shields . | . . . Core Remaining (%) 95 | 100 90 . Volleys Fired 33 | 3 30 . Largest 2 | 2 2 . Hottest 60 | 60 46 . Shots Fired 66 | 6 60 . Gun 66 | 6 60 . Cannon . | . . . Launcher . | . . . Special . | . . . Kinetic 63 | 3 60 . Thermal . | . . . Explosive . | . . . Electromagnetic 3 | 3 . . Robot Hit Streak 8 | 2 8 . Robot Miss Streak 3 | 2 3 . Penetration Max . | . . . Secondary Targets 1 | . 1 . Max Gunslinging Chain 1 | . 1 . Shots Hit Robots 37 | 3 34 . Core Hits 22 | 2 20 . Critical Kills . | . . . Critical Parts Destroyed . | . . . Critical Strikes . | . . . Melee Attacks . | . . . Impact . | . . . Slashing . | . . . Piercing . | . . . Sneak Attacks . | . . . Combat Hostiles . | . . . Follow-up Attacks . | . . . Damage Inflicted 560 | 31 529 . Guns 545 | 31 514 . Cannons . | . . . Explosions . | . . . Melee . | . . . Ramming 15 | . 15 . Kinetic 520 | 6 514 . Thermal . | . . . Explosive . | . . . Electromagnetic 25 | 25 . . Impact . | . . . Slashing . | . . . Piercing . | . . . Highest Corruption . | . . . Average Corruption . | . . . Corruption Purged . | . . . Corruption Blocked . | . . . Overload Shots . | . . . Overflow Damage . | . . . Projectiles . | . . . Explosions . | . . . Melee . | . . . Knockbacks . | . . . Impact . | . . . Kinetic . | . . . Secondary . | . . . Self-Inflicted Damage . | . . . Shots . | . . . Rammed . | . . . Targets Rammed 2 | . 2 . Kicked 2 | . 2 . Crushed . | . . . Highest Temperature 24 | 20 24 . Average Temperature 8 | 13 7 . Received Heat Transfer 54 | . 54 . Siege Activations . | . . . Robots Corrupted . | . . . Combat Hostiles . | . . . Parts Fried . | . . . Impact Corruptions . | . . . Robots Melted . | . . . Combat Hostiles . | . . . Parts Melted . | . . . Heat Transferred . | . . . Parts Sabotaged . | . . . Parts Stolen . | . . . Parts Stripped . | . . . Power Chain Reactions . | . . . Alert | -11 -10 -9 ------- Run | Yrd Mat Mat Peak Influence 279 | 5 279 . Initial 33 | . 3 33 Average 128 | 3 131 . Maximum Alert Level 1 | . 1 . Low Security (%) 75 | 100 75 . Level 1 24 | . 24 . Level 2 . | . . . Level 3 . | . . . Level 4 . | . . . Level 5 . | . . . High Security . | . . . Max Security . | . . . Squads Dispatched 3 | . 3 . Investigation . | . . . Extermination . | . . . Reinforcement 3 | . 3 . Assault . | . . . Garrison . | . . . Intercept . | . . . Searches Triggered . | . . . Construction Impeded . | . . . Haulers Reinforced . | . . . Active Scanning Responses . | . . . Cargo Convoy Interrupts . | . . . Stealth | -11 -10 -9 --------- Run | Yrd Mat Mat Distress Signals . | . . . Communications Jammed . | . . . Distress Signals . | . . . Times Spotted 19 | . 19 . Peak Tracking Total 3 | . 3 . Tactical Retreats 2 | . 2 . Traps | -11 -10 -9 ------- Run | Yrd Mat Mat Traps Triggered 3 | . 3 . Indirectly . | . . . Trap Hack Attempts . | . . . Triggered . | . . . Disarmed . | . . . Reprogrammed . | . . . Reused . | . . . Traps Extracted . | . . . Installed . | . . . Triggered . | . . . Machines | -11 -10 -9 ---------- Run | Yrd Mat Mat Machines Disabled . | . . . Max in Single Turn . | . . . Machines Repaired . | . . . Machines Dismantled . | . . . Machines Sabotaged . | . . . Overloaded Fab Kills . | . . . Hacking | -11 -10 -9 --------- Run | Yrd Mat Mat Machines Accessed 2 | . 2 . Terminals 2 | . 2 . Fabricators . | . . . Repair Stations . | . . . Recycling Units . | . . . Scanalyzers . | . . . Garrison Access . | . . . Total Hacks 2 | . 2 . Successful 2 | . 2 . Failed . | . . . Catastrophic . | . . . Database Lockouts . | . . . Manual 1 | . 1 . Terminals 2 | . 2 . Fabricators . | . . . Repair Stations . | . . . Recycling Units . | . . . Scanalyzers . | . . . Garrison Access . | . . . Terminal Hacks 1 | . 1 . Record 1 | . 1 . Fabricator Hacks . | . . . Repair Station Hacks . | . . . Recycling Unit Hacks . | . . . Scanalyzer . | . . . Garrison Access Hacks . | . . . Unauthorized Hacks 1 | . 1 . Terminals 1 | . 1 . Operators 1 | . 1 . Fabricators . | . . . Repair Stations . | . . . Recycling Units . | . . . Scanalyzers . | . . . Garrison Access . | . . . Data Cores Recovered . | . . . Used . | . . . Hacking Detections 2 | . 2 . Full Trace Events . | . . . Feedback Events . | . . . Feedback Blocked . | . . . Robot Schematics Acquired . | . . . Robots Built . | . . . Authchips . | . . . Time . | . . . Total Robot Build Rating . | . . . Part Schematics Acquired . | . . . Parts Built . | . . . Authchips . | . . . Time . | . . . Total Part Build Rating . | . . . Parts Repaired . | . . . Time . | . . . Parts Recycled . | . . . Recycled Matter . | . . . Retrieved Matter . | . . . Retrieved Components . | . . . Parts Scanalyzed . | . . . Part Schematics Acquired . | . . . Parts Damaged . | . . . Bothacking | -11 -10 -9 ------------ Run | Yrd Mat Mat Used RIF Installer . | . . . Robots Hacked . | . . . Non-combat . | . . . Combat . | . . . Robot Hacks Applied . | . . . Relay Couplers Released . | . . . Fabnet Peak Effective % . | . . . Robots Rewired . | . . . Allies Hacked . | . . . Hacks Repelled . | . . . Allies | -11 -10 -9 -------- Run | Yrd Mat Mat Total Allies . | . . . Largest Group . | . . . Highest-Rated Group . | . . . Highest-Rated Ally . | . . . Total Orders . | . . . Ally Attacks . | . . . Total Damage . | . . . Kills . | . . . Allies Corrupted . | . . . Allies Melted . | . . . Intel | -11 -10 -9 ------- Run | Yrd Mat Mat Robot Analysis Total . | . . . Derelict Logs Recovered . | . . . Drone Launches . | . . . Drone Recoveries . | . . . Exploration | -11 -10 -9 ------------- Run | Yrd Mat Mat Turns Passed 964 | 20 944 . Spaces Moved 487 | 9 478 . Core . | . . . Treads . | . . . Legs 487 | 9 478 . Wheels . | . . . Hover . | . . . Flight . | . . . Fastest Speed 120 | 120 120 . Average Speed 153 | 120 154 . Slowest Speed 330 | 120 330 . Overloaded Moves . | . . . Propulsion Burnouts . | . . . Robots Hopped . | . . . Cave-ins Triggered . | . . . Exploration Rate (%) 18 | 2 51 1 Regions Visited 2 Branch Regions . Pre-discovered Areas . | . . . Known Exits Taken . | . . . Unknown Exits Taken 2 | 1 1 . Scrap Searched . | . . . Spaces Dug . | . . . Terrain Destroyed . | . . . Melee . | . . . Projectile . | . . . AOE . | . . . Terrain Rammed . | . . . Walls Destroyed . | . . . Machines Disabled . | . . . Actions | -11 -10 -9 --------- Run | Yrd Mat Mat Total 645 | 12 633 . Wait 95 | . 95 . Move 485 | 8 477 . Hop . | . . . Pick Up 8 | . 8 . Fast Attach 7 | . 7 . Attach 2 | . 2 . Detach . | . . . Swap 6 | 1 5 . Drop 7 | . 7 . Fire 33 | 3 30 . Melee . | . . . Ram . | . . . Kick 2 | . 2 . Crush . | . . . Escape Stasis . | . . . Rewire . | . . . Trap . | . . . Miscellaneous . | . . . Route ------- -11/Scrapyard -10/Materials (discovered 2 exits: [*Mat x2]) -9/Materials History --------- Turn | Location | Event 11 | -11/Scrapyard | Discovered new exit (range 3) 21 | -11/Scrapyard | Entered Materials 315 | -10/Materials | Build established: Mutant 358 | -10/Materials | Discovered new exit (range 13) 865 | -10/Materials | Discovered new exit (range 15) 965 | -10/Materials | Entered another Materials area 965 | -9/Materials | Evolved 2 slots: Utility x2 965 | -9/Materials | Self-destructed Last Messages --------------- within the floor. 00828_ Ion Engine severed. 00828_ Autogun severed. 00831_ Acquired Autogun. 00833_ U-05 Engineer lays Concrete. 00852_ Acquired Ion Engine. 00865_ EXIT=FOUND 00903_ Triggered Blade Trap. 00903_ Massive razor-sharp blades shoot up from within the floor. 00903_ Ion Engine severed. 00903_ Autogun severed. 00903_ Aluminum Leg severed. 00908_ Acquired Autogun. 00912_ Acquired Ion Engine. 00916_ Acquired Aluminum Leg. 00931_ U-05 Engineer lays Concrete. PARAMETERS=UTILITY+2 LOCATION=UNKNOWN GOAL=ESCAPE Map ----- +----------------------------------------------------+ | ??????????????????????????????????????????????? | | ??????????????????????????????????????????????? | | ??????????????????????????????????????????????? | | ??????????????????????????????????????????????? | | ??????????????????????????????????????????????? | | ??????????????????????????????????????????????? | | ??????????????????????????????????????????????? | | ??????????????????????????????????????????????? | | ??????????????????????????????????????????????? | | ??????????????????????????????????????????????? | | ??????????????????????????????????????????????? | | ??????????????????????????????????????????????? | | ??????????????????????????????????????????????? | | ??????????????????????????????????????????????? | | ??????????????????????????????????????????????? | | ??????????????????????????????????????????????? | | ??????????????????????????????????????????????? | | ??????????????????????????????????????????????? | | ??????????????????????????????????????????????? | | ??????????????????????????????????????????????? | | ??????????????????????????????????????????????? | | ??????????????????????????????????????????????? | | ??????????????????????????????????????????????? | | ?????????????##########+####??????????????????? | | ?????????? #??????????????????? | | ?????????? @ #??????????????????? | | ?????????? #??????????????????? | | ?????????????###############??????????????????? | | ??????????????????????????????????????????????? | | ??????????????????????????????????????????????? | | ??????????????????????????????????????????????? | | | | | | | | | | | | | | | | | | | | | | | | | | | | | | | | | | | | | | | +----------------------------------------------------+ Best States ------------- Heat Dissipation 25 Energy Generation 10 Energy Capacity 250 Matter Stores 300 Matter Capacity 300 Sight Range 16 Terrain Scan Density 10 Evasion (%) 55 Targeting Accuracy 6 Item Schematics ----------------- None Robot Schematics ------------------ None Fabricated ------------ Nothing Alien Tech Used ----------------- None Achievements -------------- True Hacker Challenges ------------ None Game ------ Seed MatterSigixDatajack Manual? 0 Play Time 00:10:56 Cumulative 9.9 hours Start 2025.03.03 @ 11:45:52 End 2025.03.03 @ 11:58:14 Sessions 1 Manual Loads 0 Difficulty Rogue Special Mode None Game No. 9 Rogue 8 Adventurer 1 Explorer 0 Win Type - Total 0 Types 0/0/0/0/0/0/0/0/0 Lore% 2 Gallery% 11 Achievement% 13 Wizard Run 0 Options --------- Layout 1 ASCII 0 Keyboard 1 Movement Vi Keybinds 0 Fullscreen 1 Font 18/X11Bold Map View 50x40 Zoom Use 0% Tactical HUD 1 Map Filters NONE Filters NONE Steam X RUN: 7ec3bc8b-3995-413c-aea9-1f0d58c7743f